AoeStats
← 150490644@

Arabia

508958834Analyzed
1v1 RM · 7d ago on Sep 24, 2026· 31m 33s· 2 players
Game mode
Random Map
Map size
Tiny (2 player)
Population
200
Speed
Normal
Resources
Standard
Victory
Conquest
Starting age
Dark Age
Ending age
Imperial Age
RankedLock teamsTeams togetherTeam positionsShared explorationLock speedFull tech treeHidden civsTurbo modeCheats
Victory
Defeat
🇮🇹 Franks · Italy
978
+15
🇬🇧 Varangians · United Kingdom
956
-41
mycol0gy
7:37 Loom
11:39 Feudal Age
20:11 Castle Age
19:33 Scale Barding Armor
24:30 Bloodlines
25:18 Squires
29:57 Husbandry
150490644@
3:10 Loom
6:13 Loom
6:22 Loom
9:23 Feudal Age
9:52 Double-Bit Axe
17:49 Wheelbarrow
21:05 Castle Age
19:44 Gold Mining
20:03 Scale Barding Armor
20:09 Forging
21:40 Stone Mining
22:24 Hand Cart
22:46 Gold Shaft Mining
22:23 Bow Saw
22:32 Husbandry
27:52 Chain Barding Armor
29:01 Iron Casting
31:38 Town Watch
Connection lost

Rejoining the realm…

Still unreachable

The connection could not be restored.

Session expired

The server has moved on; the page needs a fresh start.